 Dungeon Crawl Stone Soup version 0.27-a0-1565-gad902ab807 (webtiles) character file.

Game seed: 17629549358767253886

753 benadryl the Ruffian (level 7, -1/66 HPs)
             Began as a Troll Hunter on July 16, 2021.
             Slain by Edmund (6 damage)
             ... on level 4 of the Dungeon.
             The game lasted 00:06:28 (3258 turns).

benadryl the Ruffian (Troll Hunter)                 Turns: 3258, Time: 00:06:28

Health: -1/66      AC:  4    Str: 23    XL:     7   Next: 49%
Magic:  6/6        EV:  9    Int:  7    God:
Gold:   167        SH:  0    Dex: 10    Spells: 6/6 levels left

rFire    + . .     SeeInvis .     - Unarmed
rCold    . . .     Faith    .   (no shield)
rNeg     . . .     Spirit   .   b - +0 robe
rPois    .         Reflect  .   o - +0 hat
rElec    .         Harm     .   (no cloak)
rCorr    .         Rampage  .   (gloves unavailable)
Will     .....                  (boots unavailable)
Stlth    +.........             q - amulet of the acrobat
HPRegen  1.21/turn              j - ring of protection from fire
MPRegen  0.10/turn              (no ring)

@: mighty
A: large, unfitting armour, claws 3, regeneration 1, shaggy fur 1, tough skin 1
a: no special abilities


You were on level 4 of the Dungeon.
You visited 1 branch of the dungeon, and saw 5 of its levels.

You collected 167 gold pieces.

Inventory:

Hand Weapons
 s - a +0 giant club
Missiles
 c - 5 large rocks
 d - 2 throwing nets
 h - 12 javelins (quivered)
 i - 4 atropa-tipped darts
 r - 39 poisoned darts
Armour
 b - a +0 robe (worn)
 o - a +0 hat (worn)
Jewellery
 a - a ring of ice
 j - a ring of protection from fire (left claw)
 q - an amulet of the acrobat (around neck)
 u - a +6 ring of intelligence
Scrolls
 f - a scroll of magic mapping
 n - a scroll of amnesia
 t - a scroll of brand weapon {unknown}
Potions
 e - 2 potions of flight {unknown}
 g - 2 potions of curing {@q1}
 k - a potion of cancellation {unknown}
 m - a potion of invisibility {unknown}
 p - 2 potions of berserk rage {unknown}


   Skills:
 + Level 2.9 Fighting
 + Level 5.5 Throwing
 - Level 1.5 Dodging
 - Level 0.3 Stealth
 * Level 6.1 Unarmed Combat


You had 6 spell levels left.
You didn't know any spells.
Your spell library was empty.

Dungeon Overview and Level Annotations

Branches:
Dungeon (5/15)
 Temple: D:4-7

Altars:
Qazlal

Annotations:
D:4 Edmund


Innate Abilities, Weirdness & Mutations

You are too large for most types of armour.
You have claws for hands.
Your natural rate of healing is unusually fast.
You are covered in fur. (AC +1)
You have tough skin. (AC +1)


Message History

The orc closely misses you.
You mangle Edmund!!
Edmund is severely wounded.
The orc hits you with a +0 club.
Edmund hits you with a +3 flail of protection!
The orc hits you with a +0 morningstar!
You barely miss Edmund.
Edmund is severely wounded.
The orc misses you. Edmund closely misses you.
The orc hits you with a +0 morningstar!
* * * LOW HITPOINT WARNING * * *
You barely miss Edmund.
Edmund is severely wounded.
The orc hits you with a +0 club.
* * * LOW HITPOINT WARNING * * *
Edmund says, "I'm quite good with sums, too."
Edmund barely misses you. The orc hits you with a +0 morningstar.
* * * LOW HITPOINT WARNING * * *
Okay, then.
You feel very mighty all of a sudden. The orc hits you but does no damage.
Edmund hits you with a +3 flail of protection!
* * * LOW HITPOINT WARNING * * *
The orc barely misses you.
You scratch Edmund.
Edmund is severely wounded.
The orc hits you but does no damage. Edmund closely misses you.
You claw Edmund!
Edmund is almost dead.
The orc barely misses you. x2
You closely miss Edmund.
Edmund is almost dead.
Edmund hits you with a +3 flail of protection.
* * * LOW HITPOINT WARNING * * *
The orc closely misses you. The orc hits you with a +0 club.
* * * LOW HITPOINT WARNING * * *
You completely miss Edmund.
Edmund is almost dead.
Edmund hits you with a +3 flail of protection.
You die...

### #####@##
##...o@o#
###.......#
#.##......##
###.#........#
##...........##
###
#.............#
##.##
#............##
#...##
#............#
#....#######


You could see Edmund and 2 orcs.

Vanquished Creatures
  A necrophage (D:5)
  An ogre (D:5)
  A bullfrog (D:4)
  A scorpion (D:5)
  A water moccasin skeleton (D:5)
  A hound (D:3)
  An orc priest (D:4)
  A bullfrog skeleton (D:4)
  2 iguanas
  5 orc wizards
  7 adders
  A white imp (D:5)
  16 orcs
  6 endoplasms
  3 giant cockroaches
  4 hobgoblins
  3 jackals
  A quokka (D:1)
  2 ball pythons
  2 bats
  3 frilled lizards
  7 goblins
  A kobold (D:3)
  3 rats
74 creatures vanquished.

Notes
Turn   | Place    | Note
-------+----------+-------------------------------------------
     0 | D:1      | benadryl the Troll Hunter began the quest for the Orb.
     0 | D:1      | Reached XP level 1. HP: 19/19 MP: 0/0
   428 | D:1      | Found a faded altar of an unknown god.
   692 | D:1      | Reached XP level 2. HP: 27/27 MP: 1/1
   951 | D:2      | Reached skill level 1 in Unarmed Combat
   951 | D:2      | Reached XP level 3. HP: 33/35 MP: 2/2
  1243 | D:2      | Reached XP level 4. HP: 42/42 MP: 3/3
  1517 | D:3      | Reached skill level 2 in Unarmed Combat
  1924 | D:4      | Reached XP level 5. HP: 47/49 MP: 4/4
  2027 | D:3      | Reached skill level 5 in Throwing
  2027 | D:3      | Reached skill level 3 in Unarmed Combat
  2513 | D:4      | Reached skill level 4 in Unarmed Combat
  2520 | D:4      | Reached XP level 6. HP: 41/57 MP: 5/5
  2872 | D:5      | Entered Level 5 of the Dungeon
  2894 | D:5      | Reached skill level 5 in Unarmed Combat
  2948 | D:5      | Reached XP level 7. HP: 47/66 MP: 6/6
  3025 | D:5      | Found a stormy altar of Qazlal.
  3211 | D:5      | Noticed Edmund
  3216 | D:5      | Reached skill level 6 in Unarmed Combat
  3258 | D:4      | Slain by Edmund

Illustrated notes

Levels and vault maps discovered:
D:1:      dpeg_arrival_arbitrary_c, layout_basic, ebering_ecumenical_altar_hall,
          chequers_serial_rivers_micro_b
D:2:      minmay_alternating_diamond, layout_loops_ring
D:3:      layout_rooms, guppyfry_early_orc_mine
D:4:      layout_cave_pools, minivault_25
D:5:      layout_cave_pools, mainiacjoe_overflow_concentric_impassable,
          lemuel_temple_firewalk_b, minmay_misc_feat_rows,
          minmay_tree_intersection, uniq_edmund

Skill      XL: |  1  2  3  4  5  6  7 |
---------------+----------------------+-----
Throwing       | 4 5 |  5.5
Unarmed Combat | 1 2 4 5 6 |  6.1
Fighting       | 2 |  2.9
Dodging        | |  1.5
Stealth        | |  0.3

Action                   |  1- 3 |  4- 6 |  7- 9 || total
-------------------------+-------+-------+-------++-------
Melee: Unarmed           |    53 |   136 |    25 ||   214
       Punch             |       |     1 |     2 ||     3
Throw: Javelin           |     2 |    10 |     2 ||    14
       Large rock        |     1 |       |       ||     1
  Use: Scroll            |       |    10 |       ||    10
       Potion            |       |       |     1 ||     1
 Stab: Sleeping          |     1 |       |       ||     1
Armor: Robe              |    15 |    20 |     4 ||    39
Dodge: Dodged            |    18 |    71 |    23 ||   112

Table legend: (Time is in decaauts)
 A = Elapsed time spent in this place.
 B = Non-inter-level travel time spent in this place.
 C = Inter-level travel time spent in this place.
 D = Time resting spent in this place.
 E = Time spent auto-exploring this place.
 F = Levels seen in this place.
 G = Mean time per level.
                   A        B        C        D        E       F      G
               +--------+--------+--------+--------+--------+-----+--------+
         Total |   3255 |   3139 |    116 |    509 |   1954 |   5 |  651.0 |
       Dungeon |   3255 |   3139 |    116 |    509 |   1954 |   5 |  651.0 |
               +--------+--------+--------+--------+--------+-----+--------+

Top non-repeatable levels by time:
     D:4: 856 daAuts
     D:1: 803 daAuts
     D:2: 683 daAuts
     D:3: 553 daAuts
     D:5: 358 daAuts
